AoeStats
← mryendl2410

Oasis

510246119Analyzed
4v4 RM · 1d ago on Sep 30, 2026· 53m 37s· 8 players
Game mode
Random Map
Map size
Large (8 player)
Population
200
Speed
Normal
Resources
Standard
Victory
Conquest
Starting age
Dark Age
Ending age
Imperial Age
RankedLock teamsTeams togetherTeam positionsShared explorationLock speedFull tech treeHidden civsTurbo modeCheats
Victory
Defeat
🇺🇸 Japanese · United States
1461
+14
🇨🇳 Burmese · China
1427
+16
🇧🇷 Franks · Brazil
1419
+16
🇨🇴 Khitans · Colombia
1270
+21
🇨🇳 Magyars · China
1525
-21
🇨🇳 Varangians · China
1403
-16
🇺🇸 Celts · United States
1379
-15
🇻🇳 Persians · Vietnam
1376
-15
Arribia
6:21 Loom
9:29 Feudal Age
11:03 Double-Bit Axe
18:13 Fletching
26:06 Castle Age
26:46 Bodkin Arrow
26:13 Crossbowman
27:27 Bow Saw
27:57 Wheelbarrow
27:19 Gold Mining
38:19 Padded Archer Armor
39:45 Husbandry
39:55 Bloodlines
46:52 Imperial Age
45:02 Gold Shaft Mining
44:09 Horse Collar
44:44 Town Watch
46:19 Scale Mail Armor
47:44 Pikeman
48:09 Gambesons
48:47 Forging
48:52 Chain Mail Armor
48:09 Heavy Cavalry Archer
49:41 Fortified Wall
Fs.Emmanuel
9:36 Feudal Age
13:22 Castle Age
11:40 Double-Bit Axe
14:21 Bow Saw
18:51 Gold Mining
23:08 Gold Shaft Mining
23:15 Wheelbarrow
27:12 Stone Mining
28:00 Forging
28:29 Loom
31:33 Imperial Age
29:30 Husbandry
29:53 Scale Barding Armor
30:50 Iron Casting
31:07 Hand Cart
32:18 Chain Barding Armor
32:37 Conscription
31:39 Cavalier
33:34 Blast Furnace
33:31 Chivalry
33:19 Paladin
34:45 Town Watch
35:41 Plate Barding Armor
38:02 Chemistry
37:23 Ballistics
40:26 Scale Mail Armor
39:53 Ordonnance Companies
41:30 Hoardings
43:46 Chain Mail Armor
43:21 Fletching
45:01 Plate Mail Armor
44:13 Treadmill Crane
44:35 Light Cavalry
45:11 Bodkin Arrow
45:07 Elite Throwing Axeman
47:00 Padded Archer Armor
50:43 Siege Engineers
50:48 Masonry
51:14 Murder Holes
Caballero Cruzado
7:55 Loom
9:59 Feudal Age
8:23 Loom
10:45 Double-Bit Axe
15:57 Forging
18:02 Scale Barding Armor
26:56 Castle Age
28:10 Wheelbarrow
28:01 Chain Barding Armor
28:16 Iron Casting
27:28 Light Cavalry
30:59 Gold Mining
33:10 Husbandry
39:14 Domestication
45:07 Pastoralism
46:35 Bow Saw
47:58 Hand Cart
52:29 Imperial Age
50:01 Fletching
52:34 Heavy Camel Rider
53:51 Plate Barding Armor
风过无声
6:23 Loom
12:30 Feudal Age
21:14 Castle Age
19:14 Horse Collar
24:31 Wheelbarrow
24:53 Heavy Plow
25:17 Padded Archer Armor
26:47 Gold Mining
28:59 Ballistics
32:18 Imperial Age
32:04 Husbandry
32:14 Bloodlines
34:28 Chemistry
35:17 Parthian Tactics
41:17 Conscription
43:31 Elite Arambai
51:07 Manipur Cavalry
peterzjx
8:12 Loom
10:59 Feudal Age
11:05 Man-at-Arms
23:30 Castle Age
22:09 Double-Bit Axe
22:08 Horse Collar
24:34 Bow Saw
31:24 Ballistics
36:42 Wheelbarrow
41:26 Imperial Age
38:53 Pikeman
41:41 Town Watch
42:52 Scale Mail Armor
45:40 Halberdier
48:53 Chain Mail Armor
快乐不易
8:51 Feudal Age
10:22 Horse Collar
10:32 Double-Bit Axe
11:55 Wheelbarrow
17:31 Scale Barding Armor
17:39 Bloodlines
19:11 Town Watch
20:20 Gold Mining
24:02 Castle Age
25:05 Husbandry
25:27 Chain Barding Armor
25:29 Bow Saw
26:11 Loom
30:10 Gold Shaft Mining
31:48 Heavy Plow
38:41 Hand Cart
42:53 Imperial Age
40:37 Stone Mining
43:27 Coinage
44:11 Plate Barding Armor
42:58 Cavalier
44:12 Crop Rotation
44:52 Paladin
开心不易
7:11 Loom
9:12 Feudal Age
10:29 Man-at-Arms
12:29 Arson
14:33 Double-Bit Axe
17:39 Horse Collar
18:13 Fletching
18:24 Padded Archer Armor
27:13 Castle Age
29:26 Elite Skirmisher
31:51 Bodkin Arrow
34:25 Wheelbarrow
36:54 Leather Archer Armor
37:11 Bow Saw
38:57 Heavy Plow
40:08 Town Watch
47:38 Imperial Age
48:09 Hand Cart
48:51 Conscription
47:52 Elite Jarl
49:16 Conscription
50:36 Scale Mail Armor
50:46 Forging
mryendl2410
11:24 Feudal Age
15:26 Castle Age
13:52 Double-Bit Axe
14:21 Horse Collar
14:31 Gold Mining
15:29 Scale Barding Armor
15:58 Forging
17:07 Bloodlines
18:57 Bow Saw
23:13 Gold Mining
24:23 Bow Saw
26:25 Chain Barding Armor
26:26 Husbandry
28:26 Wheelbarrow
28:59 Iron Casting
33:06 Imperial Age
30:22 Loom
32:48 Cavalier
33:34 Scale Mail Armor
34:12 Plate Barding Armor
34:53 Blast Furnace
34:16 Savar
35:19 Heavy Plow
35:55 Gold Shaft Mining
38:32 Heavy Camel Rider
40:56 Town Watch
44:47 Fletching
45:51 Bodkin Arrow
46:18 Ballistics
46:31 Padded Archer Armor
47:32 Chemistry
46:00 Elite Skirmisher
47:33 Thumb Ring
47:44 Leather Archer Armor
49:19 Ring Archer Armor
Connection lost

Rejoining the realm…

Still unreachable

The connection could not be restored.

Session expired

The server has moved on; the page needs a fresh start.